cohdb
Replays
Latest Replays
All Replays
Popular Replays
Top Player Replays
Match Explorer
How It Works
Community
CoH3 Stats
Reddit
Sign in to upload your games and track your stats! →
Sign in with Steam
Match 42626472
Unlisted
Match 42626472
Overview
Messages
Build Orders
End
Scout Squad
Selects Airborne Battlegroup
Selects Pathfinders
Construct Weapon Support Center
M1919 Machine Gun Team
Mechanized Support Center
Selects Paratrooper Squad Paradrop
Paratrooper Squad Paradrop
Construct Medical Station
Paratrooper Squad Paradrop
Paratrooper Squad Paradrop
Engineer Squad
Construct Tank Depot
M4A1 Sherman Medium Tank
Designate Forward Repair Station
M4A1 Sherman Medium Tank
Selects Anti-tank Gun Team Paradrop
Selects Recon Loiter
Selects Paradrop Reinforcements
Recon Loiter
Anti-tank Gun Team Paradrop
M4A1 Sherman Medium Tank
Selects Carpet Bombing Run
Bran
DrewP
Dillbro
Vitalcase
Prushka
S_A_L_O
0
0
Comments
sign in to comment!
No comments posted yet!